PIO (24 & UNDER)
EAU CLAIRE ESQUIRES @ SURREY SINNERS
04/18/2023
 
TOP OF THE 1ST
Eau Claire Esquires batting - Pitching for Surrey Sinners : RHP Ryan Balloun
Pitching: RHP Ryan Balloun
Batting: RHB Tony Quinn 0-0: Ball
1-0: Foul Ball, location: 2F
1-1: Ball
2-1: SINGLE (Groundball, 56D)
Batting: RHB Carlos Rea 0-0: Ball
1-0: Ball
2-0: Ball
3-0: Called Strike
3-1: Foul Ball, location: 2F
3-2: Foul Ball, location: 2F
3-2: Strikes out swinging
Batting: LHB Dave Gray 0-0: Called Strike
Tony Quinn steals 2nd base
0-1: Swinging Strike
0-2: Strikes out swinging
Batting: LHB Eric Peterson 0-0: Foul Ball, location: 2F
0-1: Swinging Strike
0-2: Ball
1-2: Strikes out swinging
Top of the 1st over - 0 run(s), 1 hit(s), 0 error(s), 1 left on base; Eau Claire 0 - Surrey 0
BOTTOM OF THE 1ST
Surrey Sinners batting - Pitching for Eau Claire Esquires : LHP Francisco Rodríguez
Pitching: LHP Francisco Rodríguez
Batting: RHB Miguel Palácios 0-0: DOUBLE (Line Drive, 7M)
Batting: LHB Larry Howard 0-0: Called Strike
0-1: DOUBLE (Groundball, 3L)
Miguel Palácios scores
Batting: RHB Jesús Gonzáles 0-0: Ball
1-0: Called Strike
1-1: Ball
2-1: Foul Ball, location: 2F
2-2: Foul Ball, location: 2F
2-2: Strikes out swinging
Batting: LHB Richard Bell 0-0: Ball
1-0: Called Strike
1-1: Called Strike
1-2: Foul Ball, location: 2F
1-2: Ball
2-2: SINGLE (Line Drive, 7LS)
Larry Howard to third
Batting: RHB Héctor Berrios 0-0: Swinging Strike
0-1: Ball
1-1: Swinging Strike
1-2: Strikes out swinging
Batting: LHB Edmund Ross 0-0: Called Strike
0-1: Fly out, F6 (Popup, 56D)
Bottom of the 1st over - 1 run(s), 3 hit(s), 0 error(s), 2 left on base; Eau Claire 0 - Surrey 1
TOP OF THE 2ND
Eau Claire Esquires batting - Pitching for Surrey Sinners : RHP Ryan Balloun
Batting: RHB Miguel Hernández 0-0: Ball
1-0: Ball
2-0: Fly out, F7 (Line Drive, 7S)
Batting: LHB Edwin Ryan 0-0: Called Strike
0-1: Ball
1-1: Foul Ball, location: 2F
1-2: Foul Ball, location: 2F
1-2: Ball
2-2: Ball
3-2: Base on Balls
Batting: RHB Nobuharu Hoshino 0-0: Ball
1-0: Ball
2-0: Ball
3-0: Base on Balls
Edwin Ryan to second
Batting: LHB Jorge Fernández 0-0: 3-RUN HOME RUN (Flyball, 9LD), Distance : 362 ft
Batting: RHB Seiji Kouno 0-0: Foul Ball, location: 2F
0-1: Ball
1-1: Swinging Strike
1-2: Foul Ball, location: 2F
1-2: Strikes out swinging
Batting: RHB Tony Quinn 0-0: Called Strike
0-1: Called Strike
0-2: Ball
1-2: Strikes out looking
Top of the 2nd over - 3 run(s), 1 hit(s), 0 error(s), 0 left on base; Eau Claire 3 - Surrey 1
BOTTOM OF THE 2ND
Surrey Sinners batting - Pitching for Eau Claire Esquires : LHP Francisco Rodríguez
Batting: RHB Bill Little 0-0: Called Strike
0-1: Ground out 6-3 (Groundball, 6)
Batting: RHB Víctor Arredondo 0-0: Foul Ball, location: 2F
0-1: Ground out 6-3 (Groundball, 6)
Batting: LHB Nick English 0-0: Foul Ball, location: 2F
0-1: Ball
1-1: Called Strike
1-2: Ball
2-2: Foul Ball, location: 2F
2-2: Ball
3-2: SINGLE (Line Drive, 3)
Batting: RHB Miguel Palácios 0-0: Called Strike
0-1: Ball
1-1: Fly out, F3 (Popup, 3)
Bottom of the 2nd over - 0 run(s), 1 hit(s), 0 error(s), 1 left on base; Eau Claire 3 - Surrey 1
TOP OF THE 3RD
Eau Claire Esquires batting - Pitching for Surrey Sinners : RHP Ryan Balloun
Batting: RHB Carlos Rea 0-0: Foul Ball, location: 2F
0-1: SINGLE (Line Drive, 6MD)
Batting: LHB Dave Gray 0-0: Ball
1-0: Ball
2-0: Ball
3-0: Called Strike
3-1: Called Strike
3-2: SINGLE (Groundball, 34D)
Carlos Rea to second
Runner from 2nd tries for 3rd, SAFE, throw made to third
Batting: LHB Eric Peterson 0-0: Ball
1-0: SINGLE (Line Drive, 4MD)
Carlos Rea scores
Dave Gray to second
Batting: RHB Miguel Hernández 0-0: Ball
1-0: Foul Ball, location: 2F
1-1: Foul Ball, location: 2F
1-2: Ball
2-2: Strikes out swinging
Batting: LHB Edwin Ryan 0-0: Ball
1-0: Foul Ball, location: 2F
1-1: Foul Ball, location: 2F
1-2: Ball
2-2: DOUBLE (Flyball, 9LD)
Dave Gray scores
Eric Peterson to third
Batting: RHB Nobuharu Hoshino 0-0: Ball
1-0: Ball
2-0: Ground out 3-1 (Groundball, 34S)
Eric Peterson scores
Edwin Ryan to third
Batting: LHB Jorge Fernández 0-0: Called Strike
0-1: Ball
1-1: 2-RUN HOME RUN (Flyball, 9LD), Distance : 368 ft
Batting: RHB Seiji Kouno 0-0: Called Strike
0-1: Ball
1-1: Fly out, F8 (Flyball, 89S)
Top of the 3rd over - 5 run(s), 5 hit(s), 0 error(s), 0 left on base; Eau Claire 8 - Surrey 1
BOTTOM OF THE 3RD
Surrey Sinners batting - Pitching for Eau Claire Esquires : LHP Francisco Rodríguez
Batting: LHB Larry Howard 0-0: Ball
1-0: Foul Ball, location: 2F
1-1: SINGLE (Groundball, 34S)
Batting: RHB Jesús Gonzáles 0-0: Called Strike
0-1: Ball
1-1: Foul Ball, location: 2F
1-2: SINGLE (Flyball, 9S)
Larry Howard to second
Runner from 2nd tries for 3rd, SAFE, no throw or cutoff
Batting: LHB Richard Bell 0-0: Ball
Jesús Gonzáles steals 2nd base
1-0: Called Strike
1-1: Foul Ball, location: 2F
1-2: Ground out 4-3 (Groundball, 13)
Larry Howard scores
Jesús Gonzáles to third
Batting: RHB Héctor Berrios 0-0: Ground out 6-3 (Groundball, 6)
Jesús Gonzáles scores
Batting: LHB Edmund Ross 0-0: Swinging Strike
0-1: Called Strike
0-2: Ball
1-2: Ball
2-2: Strikes out swinging
Bottom of the 3rd over - 2 run(s), 2 hit(s), 0 error(s), 0 left on base; Eau Claire 8 - Surrey 3
TOP OF THE 4TH
Eau Claire Esquires batting - Pitching for Surrey Sinners : RHP Ryan Balloun
Pitching: RHP Phil Parker
Batting: RHB Tony Quinn 0-0: Called Strike
0-1: Ball
1-1: Foul Ball, location: 2F
1-2: Foul Ball, location: 2F
1-2: Strikes out looking
Batting: RHB Carlos Rea 0-0: Called Strike
0-1: Called Strike
0-2: Ball
1-2: Strikes out swinging
Batting: LHB Dave Gray 0-0: Ball
1-0: Foul Ball, location: 2F
1-1: Swinging Strike
1-2: Ball
2-2: Ball
3-2: Fly out, F6 (Popup, 56D)
Top of the 4th over - 0 run(s), 0 hit(s), 0 error(s), 0 left on base; Eau Claire 8 - Surrey 3
BOTTOM OF THE 4TH
Surrey Sinners batting - Pitching for Eau Claire Esquires : LHP Francisco Rodríguez
Batting: RHB Bill Little 0-0: Called Strike
0-1: Swinging Strike
0-2: Strikes out swinging
Batting: RHB Víctor Arredondo 0-0: Ball
1-0: Called Strike
1-1: Ball
2-1: Ball
3-1: Base on Balls
Batting: LHB Nick English 0-0: SINGLE (Groundball, 34D)
Víctor Arredondo to second
Runner from 2nd tries for 3rd, SAFE, throw made to third
Batting: RHB Miguel Palácios 0-0: Grounds into double play, 6-4-3 (Groundball, 6)
Bottom of the 4th over - 0 run(s), 1 hit(s), 0 error(s), 1 left on base; Eau Claire 8 - Surrey 3
TOP OF THE 5TH
Eau Claire Esquires batting - Pitching for Surrey Sinners : RHP Phil Parker
Batting: LHB Eric Peterson 0-0: Called Strike
0-1: Ball
1-1: Swinging Strike
1-2: Ball
2-2: Foul Ball, location: 2F
2-2: Foul Ball, location: 2F
2-2: Strikes out swinging
Batting: RHB Miguel Hernández 0-0: Called Strike
0-1: Foul Ball, location: 2F
0-2: Foul Ball, location: 2F
0-2: Ball
1-2: Foul Ball, location: 2F
1-2: Ball
2-2: Foul Ball, location: 2F
2-2: Ball
3-2: Foul Ball, location: 2F
3-2: Ground out 6-3 (Groundball, 56)
Batting: LHB Edwin Ryan 0-0: Foul Ball, location: 2F
0-1: Fly out, F8 (Flyball, 8RS)
Top of the 5th over - 0 run(s), 0 hit(s), 0 error(s), 0 left on base; Eau Claire 8 - Surrey 3
BOTTOM OF THE 5TH
Surrey Sinners batting - Pitching for Eau Claire Esquires : LHP Francisco Rodríguez
Batting: LHB Larry Howard 0-0: Ball
1-0: Foul Ball, location: 2F
1-1: Called Strike
1-2: SINGLE (Line Drive, 6)
Batting: RHB Jesús Gonzáles 0-0: Called Strike
0-1: Foul Ball, location: 2F
0-2: Ball
1-2: Fly out, F9 (Flyball, 9M)
Batting: LHB Richard Bell 0-0: Ball
Larry Howard is caught stealing 2nd base
1-0: Called Strike
1-1: Ball
2-1: Foul Ball, location: 2F
2-2: Ball
3-2: Strikes out swinging
Bottom of the 5th over - 0 run(s), 1 hit(s), 0 error(s), 0 left on base; Eau Claire 8 - Surrey 3
TOP OF THE 6TH
Eau Claire Esquires batting - Pitching for Surrey Sinners : RHP Phil Parker
Batting: RHB Nobuharu Hoshino 0-0: Ball
1-0: Called Strike
1-1: Fly out, F8 (Flyball, 78M)
Batting: LHB Jorge Fernández 0-0: Called Strike
0-1: Called Strike
0-2: Strikes out swinging
Batting: RHB Seiji Kouno 0-0: Called Strike
0-1: Ball
1-1: Ball
2-1: Ball
3-1: Called Strike
3-2: Strikes out swinging
Top of the 6th over - 0 run(s), 0 hit(s), 0 error(s), 0 left on base; Eau Claire 8 - Surrey 3
BOTTOM OF THE 6TH
Surrey Sinners batting - Pitching for Eau Claire Esquires : LHP Francisco Rodríguez
Batting: RHB Héctor Berrios 0-0: Called Strike
0-1: Ball
1-1: Foul Ball, location: 2F
1-2: Fly out, F8 (Flyball, 8RM)
Batting: LHB Edmund Ross 0-0: Ball
1-0: Ball
2-0: Foul Ball, location: 2F
2-1: Ball
3-1: Foul Ball, location: 2F
3-2: Base on Balls
Pitching: RHP Jason Elliott
Batting: RHB Bill Little 0-0: Ball
1-0: Ball
2-0: Swinging Strike
2-1: Called Strike
2-2: Ball
3-2: Ground out 5-3 (Groundball, 5L)
Edmund Ross to second
Batting: RHB Víctor Arredondo 0-0: Swinging Strike
0-1: Ball
1-1: Swinging Strike
1-2: Strikes out swinging
Bottom of the 6th over - 0 run(s), 0 hit(s), 0 error(s), 1 left on base; Eau Claire 8 - Surrey 3
TOP OF THE 7TH
Eau Claire Esquires batting - Pitching for Surrey Sinners : RHP Phil Parker
Pitching: RHP Allen Bannatyne
Batting: RHB Tony Quinn 0-0: Swinging Strike
0-1: TRIPLE (Line Drive, 8LM)
Batting: RHB Carlos Rea 0-0: Called Strike
0-1: Ball
1-1: Ball
2-1: Ball
3-1: 2-RUN HOME RUN (Line Drive, 7D), Distance : 387 ft
Batting: LHB Dave Gray 0-0: Called Strike
0-1: SINGLE (Groundball, 4MD)
Batting: LHB Eric Peterson 0-0: Ball
1-0: Swinging Strike
1-1: DOUBLE (Line Drive, 9LM)
Dave Gray to third
Batting: RHB Miguel Hernández 0-0: Ball
1-0: Fly out, F9 (Line Drive, 9M)
Batting: LHB Edwin Ryan 0-0: Ball
1-0: Ball
2-0: Called Strike
2-1: Fly out, F6 (Popup, 6MD)
Batting: RHB Nobuharu Hoshino 0-0: Ball
1-0: Foul Ball, location: 2F
1-1: Swinging Strike
1-2: Strikes out looking
Top of the 7th over - 2 run(s), 4 hit(s), 0 error(s), 2 left on base; Eau Claire 10 - Surrey 3
BOTTOM OF THE 7TH
Surrey Sinners batting - Pitching for Eau Claire Esquires : RHP Jason Elliott
Batting: LHB Nick English 0-0: Ball
1-0: Ball
2-0: Ball
3-0: Base on Balls
Batting: RHB Miguel Palácios 0-0: Ball
1-0: Ball
2-0: Called Strike
2-1: Foul Ball, location: 2F
2-2: Foul Ball, location: 2F
2-2: Foul Ball, location: 2F
2-2: Foul Ball, location: 2F
2-2: Strikes out swinging
Batting: LHB Larry Howard 0-0: Called Strike
0-1: Ball
1-1: Called Strike
1-2: Strikes out swinging
Batting: RHB Jesús Gonzáles 0-0: Ball
Nick English is caught stealing 2nd base
Bottom of the 7th over - 0 run(s), 0 hit(s), 0 error(s), 0 left on base; Eau Claire 10 - Surrey 3
TOP OF THE 8TH
Eau Claire Esquires batting - Pitching for Surrey Sinners : RHP Allen Bannatyne
Batting: LHB Jorge Fernández 0-0: Foul Ball, location: 2F
0-1: Ball
1-1: Ball
2-1: Ball
3-1: Base on Balls
Batting: RHB Seiji Kouno 0-0: Ball
Jorge Fernández steals 2nd base
1-0: Ball
2-0: Fly out, F3 (Popup, 3SF)
Batting: RHB Tony Quinn 0-0: Ball
1-0: Called Strike
1-1: Swinging Strike
1-2: Foul Ball, location: 2F
1-2: Strikes out looking
Batting: RHB Carlos Rea 0-0: Foul Ball, location: 2F
0-1: Ball
1-1: Called Strike
1-2: Ball
2-2: Ball
3-2: Fly out, F8 (Flyball, 8RM)
Top of the 8th over - 0 run(s), 0 hit(s), 0 error(s), 1 left on base; Eau Claire 10 - Surrey 3
BOTTOM OF THE 8TH
Surrey Sinners batting - Pitching for Eau Claire Esquires : RHP Jason Elliott
Batting: RHB Jesús Gonzáles 0-0: Fly out, F8 (Flyball, 8RM)
Pitching: RHP Jeff Lawson
Batting: LHB Richard Bell 0-0: Foul Ball, location: 2F
0-1: Fly out, F8 (Popup, 8RS)
Batting: RHB Héctor Berrios 0-0: Ball
1-0: Ball
2-0: SINGLE (Flyball, 89S)
Batting: LHB Edmund Ross 0-0: Ball
1-0: Ball
2-0: Called Strike
2-1: Called Strike
2-2: Foul Ball, location: 2F
2-2: Strikes out looking
Bottom of the 8th over - 0 run(s), 1 hit(s), 0 error(s), 1 left on base; Eau Claire 10 - Surrey 3
TOP OF THE 9TH
Eau Claire Esquires batting - Pitching for Surrey Sinners : RHP Allen Bannatyne
Pitching: RHP Chris Marshall
Batting: LHB Dave Gray 0-0: Called Strike
0-1: Foul Ball, location: 2F
0-2: Ball
1-2: Foul Ball, location: 2F
1-2: Foul Ball, location: 2F
1-2: SINGLE (Line Drive, 9LS)
Batting: LHB Eric Peterson 0-0: Ball
1-0: Ball
2-0: Swinging Strike
2-1: Foul Ball, location: 2F
2-2: Ball
3-2: Base on Balls
Dave Gray to second
Batting: RHB Miguel Hernández 0-0: Called Strike
0-1: Ball
1-1: Ball
2-1: Swinging Strike
2-2: Ball
3-2: Fly out, F9 (Flyball, 9LS)
Batting: LHB Edwin Ryan 0-0: Swinging Strike
0-1: Swinging Strike
0-2: Ball
1-2: Ball
2-2: Foul Ball, location: 2F
2-2: Foul Ball, location: 2F
2-2: Foul Ball, location: 2F
2-2: Ball
3-2: Fly out, F4 (Popup, 4MD)
Batting: RHB Nobuharu Hoshino 0-0: Ball
1-0: Ball
2-0: Called Strike
2-1: SINGLE (Groundball, 56) (infield hit)
Dave Gray to third
Eric Peterson to second
Batting: LHB Jorge Fernández 0-0: Called Strike
0-1: Ball
1-1: Ball
2-1: Ball
3-1: Called Strike
3-2: Base on Balls
Dave Gray scores
Eric Peterson to third
Nobuharu Hoshino to second
Batting: RHB Seiji Kouno 0-0: Called Strike
0-1: Called Strike
0-2: Ball
1-2: Strikes out swinging
Top of the 9th over - 1 run(s), 2 hit(s), 0 error(s), 3 left on base; Eau Claire 11 - Surrey 3
BOTTOM OF THE 9TH
Surrey Sinners batting - Pitching for Eau Claire Esquires : RHP Jeff Lawson
Batting: RHB Bill Little 0-0: Called Strike
0-1: Foul Ball, location: 2F
0-2: Foul Ball, location: 2F
0-2: Strikes out swinging
Batting: RHB Víctor Arredondo 0-0: Foul Ball, location: 2F
0-1: Swinging Strike
0-2: Ground out 5-3 (Groundball, 5S)
Batting: LHB Nick English 0-0: Ball
1-0: Ball
2-0: SINGLE (Line Drive, 6MD)
Batting: RHB Miguel Palácios 0-0: DOUBLE (Line Drive, 9LM)
Nick English to third
Runner from 3rd tries for Home, SAFE, no throw or cutoff
Batting: LHB Larry Howard 0-0: Called Strike
0-1: Fly out, F5 (Popup, 5)
Bottom of the 9th over - 1 run(s), 2 hit(s), 0 error(s), 1 left on base; Eau Claire 11 - Surrey 4
This league is powered by Out of the Park Baseball, the baseball management simulation game for PC, Mac and Linux
Wednesday, December 2nd, 2015 - OOTP Baseball 16.8 Build 38